 Dungeon Crawl Stone Soup version 0.18-a0-1799-g6250cb2 (webtiles) character file.

269 Stoneknight the Twirler (level 6, 0/37 HPs)
             Began as a Gargoyle Gladiator on Apr 23, 2016.
             Was an Initiate of Okawaru.
             Slain by Grinder (5 damage)
             ... on level 5 of the Dungeon.
             The game lasted 00:07:55 (1923 turns).

Stoneknight the Twirler (Gargoyle Gladiator)        Turns: 1923, Time: 00:07:56

Health: 0/37       AC:  8    Str: 19 (21) XL:     6   Next: 22%
Magic:  6/6        EV:  7    Int:  7 (8)  God:    Okawaru [......]
Gold:   54         SH:  0    Dex:  8 (10) Spells: 0 memorised, 5 levels left

rFire  . . .     SeeInvis .     a - +0 quarterstaff
rCold  . . .     Gourm    .     b - +0 leather armour
rNeg   + . .     Faith    .     (shield currently unavailable)
rPois  ∞         Spirit   .     c - +0 helmet
rElec  +         Dismiss  .     (no cloak)
rCorr  .         Reflect  .     (no gloves)
SustAt .         Harm     .     (no boots)
MR     .....     Rnd*Tele +     (no amulet)
Stlth  +.........               (no ring)
                                r - ring of teleportation (curse)

@: not resistant to hostile enchantments, very unstealthy
A: negative energy resistance 1, electricity resistance, unbreathing,
petrification resistance, rot immunity, AC +4
a: Renounce Religion


You were on level 5 of the Dungeon.
You worshipped Okawaru.
Okawaru was noncommittal.
You were not hungry.

You visited 1 branch of the dungeon, and saw 5 of its levels.

You collected 54 gold pieces.

Inventory:

Hand Weapons
 a - a +0 quarterstaff (weapon)
Missiles
 d - 4 throwing nets (quivered)
Armour
 b - a +0 leather armour (worn)
 c - a +0 helmet (worn)
Jewellery
 r - a cursed ring of teleportation (left hand)
Scrolls
 g - 4 scrolls of identify {unknown}
 h - a scroll of recharging {unknown}
 k - a scroll of noise {unknown}
 p - a scroll of magic mapping {unknown}
 q - a scroll of enchant weapon {unknown}
 s - a scroll of teleportation {unknown}
 t - 2 scrolls of remove curse {unknown}
 v - a scroll of immolation {unknown}
 w - a scroll of amnesia {unknown}
Potions
 e - a potion of mutation {unknown}
 i - a potion of degeneration
 l - a potion of heal wounds {unknown}
 n - a potion of haste {unknown}
 o - a potion of curing {unknown}
 u - a potion of cancellation {unknown}
 x - a potion of flight {unknown}
Comestibles
 f - 2 bread rations
 j - a meat ration
 m - a royal jelly
 z - a beef jerky


   Skills:
 + Level 3.0 Fighting
 + Level 4.4 Staves
 + Level 1.7 Throwing
 + Level 1.6 Armour
 + Level 4.2 Dodging
 + Level 0.5 Stealth


You had 5 spell levels left.
You didn't know any spells.

Dungeon Overview and Level Annotations

Branches:
Dungeon (5/15)
 Temple: D:4-7

Altars:
Okawaru
Vehumet

Annotations:
D:5 Dowan, Duvessa, Grinder


Innate Abilities, Weirdness & Mutations

You are resistant to torment.
Your stone body is resilient (AC +4).
You are immune to poison.
You resist negative energy.
You are resistant to electric shocks.
You can survive without breathing.
You are immune to petrification.
You are immune to rotting.


Message History

Dowan blinks!
Found 15 gold pieces.
Duvessa, Sister of Dowan comes into view.
She is wielding a short sword.
The orc wizard casts a spell at you. The puff of flame hits you!
Grinder blinks!
An orc comes into view. It is wielding a mace.
Grinder gestures at you.
You barely resist.
The orc wizard casts a spell.
The orc wizard flickers and vanishes!
Deactivating autopickup; reactivate with Ctrl-A.
Grinder hits you. Grinder hits you!
* * * LOW HITPOINT WARNING * * *
Grinder hits you.
* * * LOW HITPOINT WARNING * * *
You see here a flail.
There is a stone staircase leading up here.
Grinder hits you.
You die...

..##..#...# .$ .....
#......#...####...
......#.##...#..........
......#......e..........
.?...#...............#
#...#..........###..#
##+ #.............# #...
#....##....###### #....
#...@##.........#
#.....#...5##.........#
#..........o.o..........
#....###................
#....###................
#.......................
#.............####...###
#.............# ....
.............# ...


You could see Grinder and an orc.

Vanquished Creatures
  Sigmund (D:2)
  3 gnolls (D:4)
  4 adders
  An ooze (D:1)
  An adder skeleton (D:5)
  A worm (D:2)
  2 dart slugs (D:2)
  An orc (D:5)
  4 bats (D:1)
  2 giant cockroaches
  4 goblins
  4 hobgoblins
  8 jackals
  A quokka (D:2)
  2 giant newts
  4 kobolds
  2 rats (D:2)
45 creatures vanquished.

Notes
Turn   | Place    | Note
--------------------------------------------------------------
     0 | D:1      | Stoneknight the Gargoyle Gladiator began the quest for the Orb.
     0 | D:1      | Reached XP level 1. HP: 12/12 MP: 1/1
    59 | D:1      | Reached XP level 2. HP: 15/18 MP: 2/2
   440 | D:1      | Reached XP level 3. HP: 19/22 MP: 3/3
   899 | D:2      | Reached XP level 4. HP: 27/27 MP: 4/4
  1160 | D:2      | Noticed Sigmund
  1173 | D:2      | Killed Sigmund
  1173 | D:2      | Reached skill level 1 in Armour
  1173 | D:2      | Reached XP level 5. HP: 17/32 MP: 5/5
  1327 | D:2      | Found an iron altar of Okawaru.
  1345 | D:2      | Became a worshipper of Warmaster Okawaru
  1390 | D:2      | Reached XP level 6. HP: 36/36 MP: 6/6
  1406 | D:2      | You fall through a shaft for 2 floors!
  1769 | D:4      | Found a radiant altar of Vehumet.
  1844 | D:5      | Entered Level 5 of the Dungeon
  1883 | D:5      | Noticed Grinder
  1892 | D:5      | Paralysed by Grinder for 3 turns
  1911 | D:5      | Noticed Dowan
  1911 | D:5      | Noticed a sky beast
  1912 | D:5      | Noticed Duvessa
  1923 | D:5      | Slain by Grinder

Vault maps used:
D:1:      saegor_arrival_miasma
D:2:      okawaru_gym_becter, uniq_sigmund
D:3:      lemuel_round_altar, nicolae_ru_great_annihilating_truth
D:4:      grunt_temple_overflow_magic_moments, first_bread
D:5:      elyvilon_altar_3, overflow_temple_1_default, minmay_temple_entry_hall,
          minmay_misc_feat_ornament, uniq_blork_the_orc, uniq_grinder,
          uniq_duvessa, uniq_crazy_yiuf_cottage

Skill      XL: |  1  2  3  4  5  6 |
---------------+-------------------+-----
Dodging        | 3 4 |  4.2
Staves         | 4 |  4.4
Armour         | 1 |  1.6
Fighting       | 3 |  3.0
Throwing       | |  1.7
Stealth        | |  0.5

Action                   |  1- 3 |  4- 6 || total
-------------------------+-------+-------++-------
Melee: Quarterstaff      |    79 |    55 ||   134
  Use: Potion            |       |     1 ||     1
  Eat: Chunk             |       |     3 ||     3
Armor: Leather armour    |    44 |    25 ||    69
Dodge: Dodged            |    83 |    37 ||   120
